Map: Zen LE

Players

bFc

  • Race: Terran Terran
  • League: Platinum
  • Spawn Location: 1:00

Barlodin - Winner!

  • Race: Zerg Zerg
  • Spawn Location: 7:00

VOD

Have the link to the VOD?

Description

Time

  • Played on: Feb. 9, 2020, 3:59 p.m.
  • Length: 11:51
Show
View Real Time Build Order
Export as new Build Order

bFc Terran 

Build Orders:  

Get SALT Encoding   

  12  0:01  SCV  
  13  0:13  SCV  
  14  0:19  Supply Depot  
  14  0:25  SCV  
  15  0:32  Refinery  
  15  0:41  SCV  
  16  0:46  Barracks  
  16  0:53  SCV  
  17  1:05  SCV  
  18  1:17  SCV  
  19  1:29  SCV  
  20  1:33  Reaper  
  21  1:41  Orbital Command  
  21  1:51  Command Center  
  21  2:04  Supply Depot  
  21  2:12  Reaper  
  21  2:13  Factory  
  22  2:21  SCV  
  23  2:27  Supply Depot  
  23  2:33  Refinery  
  23  2:34  SCV  
  24  2:46  SCV  
  25  2:53  Barracks Reactor  
  25  2:59  Bunker  
  25  3:00  Hellion  
  25  3:04  Starport  
  27  3:06  SCV  
  27  3:10  SCV  
  29  3:29  Orbital Command  
  28  3:38  Supply Depot  
  28  3:39  SCV  
  29  3:46  Medivac  
  31  3:50  Armory  
  31  3:51  SCV  
  31  3:53  Hellion  
  31  3:54  Hellion  
  36  3:57  SCV, Barracks Tech Lab  
  37  4:05  SCV  
  37  4:07  Refinery  
  37  4:09  SCV  
  39  4:14  Hellion  
  39  4:15  Hellion  
  43  4:18  SCV  
  43  4:21  Refinery  
  44  4:28  Viking  
  44  4:30  Stimpack  
  46  4:36  SCV x2, Hellion  
  50  4:41  Hellion  
  52  4:47  Supply Depot  
  52  4:48  SCV x2  
  54  4:56  Marauder  
  54  4:57  Hellion  
  58  5:00  SCV  
  58  5:01  SCV  
  58  5:05  Medivac  
  62  5:12  SCV  
  63  5:17  Marine  
  63  5:18  SCV  
  65  5:23  Hellion x2  
  65  5:24  SCV  
  68  5:46  Command Center, Marauder  
  70  5:53  Supply Depot  
  70  5:55  Barracks  
  70  5:57  Barracks, Factory Tech Lab  
  70  6:01  SCV  
  70  6:13  Supply Depot  
  70  6:14  Liberator  
  70  6:15  Marauder  
  75  6:19  Siege Tank  
  78  6:34  Terran Vehicle Weapons Level 1  
  78  6:35  SCV  
  78  6:36  Marauder  
  78  6:37  Supply Depot, Engineering Bay  
  78  6:38  Engineering Bay  
  57  6:48  Marine x2  
  57  6:51  Bunker  
  58  6:57  Marine  
  56  7:05  Marine  
  52  7:13  Orbital Command  
  52  7:15  Marine  
  53  7:17  Cyclone  
  53  7:19  Liberator  
  59  7:28  Combat Shield  
  59  7:31  Barracks Tech Lab  
  59  7:32  Marine  
  59  7:34  Marine x2  
  62  7:45  Terran Infantry Weapons Level 1  
  62  7:46  SCV, Terran Infantry Armor Level 1  
  62  7:49  Missile Turret  
  62  7:50  Marine  
  64  7:52  Marine x2  
  64  7:57  Marine  
  67  7:58  SCV  
  67  8:00  Command Center  
  67  8:02  Siege Tank  
  71  8:08  Marine  
  71  8:09  Marine  
  71  8:10  Marine  
  74  8:15  Marine  
  75  8:26  Marine  
  76  8:27  Marine  
  76  8:28  Marine  
  60  8:52  Marine x4  
  63  8:58  Liberator  
  66  9:07  SCV  
  66  9:09  Marine  
  64  9:10  Terran Vehicle And Ship Armor Level 1, Marine x3  
  64  9:27  Marine x2  
  59  9:32  Marine  
  59  9:33  Marine  
  61  9:41  Liberator  
  61  9:45  Marine x2  
  64  9:50  Marine x2  
  67  9:55  Orbital Command  
  67  10:03  Marine x2  
  69  10:08  Marine x2  
  71  10:21  SCV x2, Marine x2  
  72  10:24  Medivac  
  72  10:26  Marine x2  
  77  10:38  Marine  
  77  10:39  Marine  
  79  10:44  Marine x2  
  81  10:56  Marine x2  
  82  11:01  Marine  
  82  11:02  Marine  
  76  11:04  SCV x2  
  68  11:14  Marine x2  
  65  11:19  Marine x2  
Show
View Real Time Build Order
Export as new Build Order

Barlodin Zerg - Winner!

Build Orders: Hatch First 

Get SALT Encoding   

  12  0:01  Drone  
  13  0:12  Overlord  
  13  0:17  Drone  
  14  0:30  Drone x2  
  16  0:37  Drone  
  17  0:54  Hatchery  
  17  0:55  Drone  
  17  1:01  Extractor  
  17  1:02  Drone  
  17  1:15  Spawning Pool  
  16  1:19  Drone  
  16  1:22  Drone  
  18  1:28  Drone  
  19  1:39  Overlord  
  19  1:51  Drone  
  20  2:03  Queen, Metabolic Boost  
  20  2:06  Queen  
  24  2:09  Drone  
  24  2:12  Drone  
  26  2:24  Drone  
  26  2:25  Drone x2  
  26  2:28  Zergling x2  
  30  2:39  Zergling x2  
  30  2:51  Queen  
  30  2:53  Drone x3  
  30  2:55  Overlord  
  35  3:05  Drone  
  36  3:10  Roach Warren  
  36  3:12  Drone  
  36  3:13  Evolution Chamber  
  35  3:20  Drone x4  
  35  3:21  Drone  
  40  3:40  Drone x3  
  43  3:43  Extractor  
  43  3:44  Overlord x2, Extractor  
  41  3:54  Drone x3  
  44  3:56  Extractor  
  44  3:57  Zerg Missile Weapons Level 1  
  44  3:59  Lair  
  43  4:04  Drone x3  
  43  4:06  Overlord  
  43  4:09  Zergling x2  
  46  4:17  Roach x2  
  50  4:32  Overlord  
  50  4:33  Roach  
  50  4:34  Roach  
  50  4:36  Hatchery  
  53  4:50  Drone x2  
  55  4:56  Spore Crawler  
  55  4:59  Spore Crawler, Drone  
  54  5:07  Roach  
  54  5:08  Roach x6  
  54  5:10  Overlord  
  68  5:15  Glial Reconstitution  
  66  5:21  Evolution Chamber  
  66  5:25  Overlord  
  66  5:28  Roach  
  67  5:39  Drone x3  
  67  5:40  Overlord  
  67  5:41  Roach x3  
  76  5:53  Roach x3  
  82  6:06  Ravager x5  
  82  6:07  Overlord x2  
  82  6:08  Roach  
  89  6:25  Queen  
  91  6:26  Roach, Hydralisk Den  
  91  6:27  Roach x4  
  100  6:45  Drone x2  
  100  6:46  Drone x3  
  103  6:47  Roach  
  103  6:51  Overlord x3  
  105  7:02  Drone  
  105  7:03  Overlord x2  
  105  7:07  Extractor  
  105  7:08  Extractor  
  83  7:17  Zerg Ground Armor Level 1  
  83  7:20  Zerg Missile Weapons Level 2  
  83  7:23  Drone  
  83  7:24  Drone x3  
  83  7:25  Drone x3  
  90  7:33  Overseer  
  90  7:34  Overseer  
  90  7:43  Hydralisk  
  90  7:44  Hydralisk x3  
  98  7:52  Drone x3  
  98  7:53  Overlord  
  101  8:03  Hydralisk x4  
  109  8:24  Nydus Network  
  109  8:26  Drone x2  
  109  8:27  Drone x3  
  108  8:38  Roach x5  
  108  8:39  Roach x3  
  114  8:47  Hydralisk  
  114  8:57  Ravager x3  
  117  9:13  Drone x3  
  105  9:30  Roach  
  105  9:31  Roach x7  
  105  9:46  Hydralisk x10  
  125  9:53  Infestation Pit  
  124  10:03  Hydralisk  
  124  10:04  Hydralisk x5  
  136  10:14  Hatchery  
  135  10:17  Overseer x2  
  135  10:20  Hydralisk x2  
  135  10:21  Hydralisk x2  
  143  10:30  Hive  
  143  10:38  Overlord x2  
  143  10:39  Roach  
  143  10:40  Roach x4  
  153  10:45  Ravager  
  118  11:19  Roach  
  118  11:20  Roach x13  
  126  11:31  Roach  
  126  11:32  Roach x3  
Tags
 
League
Platinum
Matchup
TvZ
Spawn Locations
Cross Positions
Add a new tag
Caveats
  • Supply blocks, unpowered buildings, or Contaminate may cause inaccurate times.
  • Supply counts are checked every 10 seconds.